 Dungeon Crawl Stone Soup version 0.29.1-4-g47bece8355 (webtiles) character file.

Game seed: 13496082224570806319

129 safid the Shooter (level 4, 0/41 HPs)
             Began as a Minotaur Hunter on Dec 5, 2022.
             Killed from afar by an orc wizard (9 damage)
             ... with a puff of flame
             ... on level 3 of the Dungeon.
             The game lasted 00:02:56 (1641 turns).

safid the Shooter (Minotaur Hunter)                 Turns: 1641, Time: 00:02:58

Health: 0/41       AC:  3    Str: 15    XL:     4   Next: 88%
Magic:  3/3        EV: 12    Int:  6    God:
Gold:   180        SH:  0    Dex: 16    Spells: 3/3 levels left

rFire   . . .      SeeInvis .   a - +0 shortbow
rCold   . . .      Faith    .   (shield currently unavailable)
rNeg    . . .      Spirit   .   c - +0 leather armour
rPois   .          Reflect  .   (helmet restricted)
rElec   .          Harm     .   (no cloak)
rCorr   .          Rampage  .   (no gloves)
Will    .....                   (no boots)
Stlth   +.........              (no amulet)
HPRegen 0.13/turn               (no ring)
MPRegen 0.08/turn               (no ring)

@: no status effects
A: horns 2, retaliatory headbutt
a: no special abilities


You were on level 3 of the Dungeon.
You visited 1 branch of the dungeon, and saw 3 of its levels.

You collected 180 gold pieces.

Inventory:

Hand Weapons
 a - a +0 shortbow (weapon)
Missiles
 j - 4 javelins
Armour
 c - a +0 leather armour (worn)
Wands
 o - a wand of iceblast (10)
Scrolls
 b - a scroll of immolation
 d - 5 scrolls of identify {unknown}
 e - a scroll of enchant armour {unknown}
 g - a scroll of torment {unknown}
 k - a scroll of blinking {unknown}
 l - a scroll of fear {unknown}
Potions
 f - a potion of flight {unknown}
 h - a potion of ambrosia {unknown}
 i - a potion of invisibility {unknown}
 m - a potion of lignification {unknown}
 n - 2 potions of heal wounds {unknown}


   Skills:
 + Level 4.7 Fighting
 + Level 5.7 Ranged Weapons
 - Level 2.1 Dodging
 - Level 0.7 Stealth


You had 3 spell levels left.
You didn't know any spells.
Your spell library was empty.

Dungeon Overview and Level Annotations

Branches:
Dungeon (3/15)

Altars:
Sif Muna

Shops:
D:2 *


Innate Abilities, Weirdness & Mutations

You have a pair of horns on your head.
You reflexively headbutt those who attack you in melee.


Message History

Fire: a) +0 shortbow
Press: ? - help, Q - select action, (/) - cycle Shift-Dir - straight line, f - you Really target yourself? [Y]es or [N]o only, please.
Really target yourself?
Okay, then.
Unknown command.
Fire: a) +0 shortbow
Press: ? - help, Q - select action, (/) - cycle Shift-Dir - straight line You shoot an arrow.
You hear some strange, mumbled words.
A puff of flame appears from out of thin air!
The puff of flame hits you!
* * * LOW HITPOINT WARNING * * *
Something hits you but does no damage.
Unknown command.
Fire: a) +0 shortbow
Press: ? - help, Q - select action, (/) - cycle Shift-Dir - straight line You shoot an arrow.
Something hits you.
* * * LOW HITPOINT WARNING * * *
Unknown command.
Unknown command.
Fire: a) +0 shortbow
Press: ? - help, Q - select action, (/) - cycle Shift-Dir - straight line You shoot an arrow.
Something hits you.
* * * LOW HITPOINT WARNING * * *
Unknown command.
Unknown command.
Unknown command.
Unknown command.
Unknown command.
Fire: a) +0 shortbow
Press: ? - help, Q - select action, (/) - cycle Shift-Dir - straight line You shoot an arrow.
You hear some strange, mumbled words.
A puff of flame appears from out of thin air!
The puff of flame hits you!
You die...

#..## ###.........#
##..#####>...####.#.## #
###........###≈###..(# .#
..###.....##≈≈≈≈≈##..#### >.#
.......<.##≈≈≈≈≈≈≈##....# ....
.........#≈≈....≈≈≈#....# .....
..#.....##≈.####~~≈###..#......
######### ##..##8.8.8)........
#_..{@......††..##..
##..##8.8.8...#.#
≈.####~~≈###....... #≈≈....≈≈≈#
.........# #
≈≈≈≈≈≈≈##.....##.#.# #≈≈≈≈≈##
....## .... ###≈## ....## #. ##
..###


There were no monsters in sight!

Vanquished Creatures
  Terence (D:2)
  An orc wizard (D:3)
  2 adders
  3 dart slugs
  An orc (D:3)
  A ball python (D:2)
  3 endoplasms
  5 giant cockroaches
  12 goblins
  3 hobgoblins
  3 jackals (D:3)
  3 bats (D:2)
  2 frilled lizards
  4 kobolds
  9 rats
53 creatures vanquished.

Notes
Turn   | Place    | Note
-------+----------+-------------------------------------------
     0 | D:1      | safid the Minotaur Hunter began the quest for the Orb.
     0 | D:1      | Reached XP level 1. HP: 18/18 MP: 0/0
   103 | D:1      | Found a faded altar of an unknown god.
   189 | D:1      | Reached XP level 2. HP: 18/26 MP: 1/1
   814 | D:2      | Noticed Terence
   826 | D:2      | Killed Terence
   827 | D:2      | Reached skill level 5 in Ranged Weapons
   827 | D:2      | Reached XP level 3. HP: 5/33 MP: 2/2
  1228 | D:2      | Found Quonkauk's Assorted Antiques.
  1304 | D:2      | Reached XP level 4. HP: 40/40 MP: 3/3
  1629 | D:3      | Found a shimmering blue altar of Sif Muna.
  1641 | D:3      | Killed from afar by an orc wizard

Illustrated notes

Levels and vault maps discovered:
D:1:      minmay_arrival_plants_in_alcoves, layout_rooms,
          shapermc_ecumenical_altar_flowoftime
D:2:      kennysheep_the_goblin_king, layout_rooms, serial_shops, shop,
          minmay_misc_feat_secret_circle, minmay_misc_feat_columns, uniq_terence
D:3:      layout_rooms, kennysheep_orc_sif_temple, cheibrodos_sewer_entry_drain

Skill      XL: |  1  2  3 |
---------------+----------+-----
Fighting       | 3 4 |  4.7
Ranged Weapons | 5 |  5.7
Dodging        | |  2.1
Stealth        | |  0.7

Action                   |  1- 3 |  4- 6 || total
-------------------------+-------+-------++-------
 Fire: Shortbow          |    96 |    55 ||   151
Armor: Leather armour    |    16 |     7 ||    23
Dodge: Dodged            |    27 |    21 ||    48
